AoeStats
← Simon Stokvis

QS Arena

503129370Analyzed
4v4 RM · 1mo ago on Aug 30, 2026· 23m 0s· 8 players
Game mode
Random Map
Map size
Large (8 player)
Population
200
Speed
Normal
Resources
Standard
Victory
Conquest
Starting age
Dark Age
Ending age
Imperial Age
RankedLock teamsTeams togetherTeam positionsShared explorationLock speedFull tech treeHidden civsTurbo modeCheats
Victory
Defeat
🇦🇺 Ethiopians · Australia
1508
+15
🇨🇳 Maya · China
1490
+16
🇨🇱 Khmer · Chile
1446
+18
🇮🇳 Goths · India
1443
+18
🇳🇱 Khmer · Netherlands
1512
-18
🇨🇳 Malay · China
1474
-16
🇺🇸 Bengalis · United States
1469
-16
🇬🇪 Bohemians · Georgia
1467
-16
Pawo
8:23 Feudal Age
12:09 Castle Age
10:40 Double-Bit Axe
10:55 Horse Collar
13:53 Fervor
17:17 Sanctity
20:33 Wheelbarrow
22:38 Loom
Simon Stokvis
8:29 Feudal Age
11:39 Castle Age
KaLong
2:41 Loom
8:19 Feudal Age
10:07 Wheelbarrow
12:36 Castle Age
11:15 Double-Bit Axe
11:43 Horse Collar
14:06 Bow Saw
17:32 Heavy Plow
Bz_青红
6:50 Feudal Age
6:28 Double-Bit Axe
6:37 Horse Collar
15:36 Castle Age
13:32 Gold Mining
13:53 Stone Mining
14:50 Loom
14:51 Town Watch
happix
8:41 Feudal Age
11:28 Castle Age
9:29 Double-Bit Axe
9:47 Horse Collar
13:44 Bow Saw
17:31 Wheelbarrow
18:41 Gold Mining
vidsag
8:04 Feudal Age
12:26 Castle Age
11:05 Double-Bit Axe
11:52 Horse Collar
13:16 Bow Saw
13:13 Loom
18:53 Scale Mail Armor
19:10 Gold Mining
19:58 Wheelbarrow
20:12 Chain Mail Armor
20:21 Squires
23:43 Hand Cart
表哥
5:15 Loom
7:41 Feudal Age
11:40 Castle Age
9:43 Double-Bit Axe
17:20 Town Watch
19:32 Wheelbarrow
Cambo
8:06 Feudal Age
9:52 Wheelbarrow
11:37 Castle Age
9:31 Horse Collar
10:12 Double-Bit Axe
13:42 Bow Saw
21:40 Gold Mining
25:29 Imperial Age
23:43 Gold Shaft Mining
23:22 Fletching
23:32 Padded Archer Armor
Connection lost

Rejoining the realm…

Still unreachable

The connection could not be restored.

Session expired

The server has moved on; the page needs a fresh start.